 Dungeon Crawl Stone Soup version 0.32-a0-918-g0f22ef8 (webtiles) character file.

Game seed: 4864527094590942331

47432 Dorkslayer the Cleaver (level 14, 0/122 HPs)
             Began as a Mountain Dwarf Fighter on Apr 10, 2024.
             Was an Initiate of Gozag.
             Slain by Rupert
             ... wielding a +1 great mace of protection
              (21 damage)
             ... on level 14 of the Dungeon.
             The game lasted 00:59:32 (19045 turns).

Dorkslayer the Cleaver (Mountain Dwarf Fighter)    Turns: 19045, Time: 00:59:33

Health: 0/122      AC: 34    Str: 19    XL:     14   Next: 8%
Magic:  14/14      EV:  8    Int: 10    God:    Gozag
Gold:   486        SH: 10    Dex: 13    Spells: 13/13 levels left

rFire   + + .        E - +8 lance "Wyrmbane" {slay drac, rPois rF+ rC+ AC+3}
rCold   + + .        o - +0 kite shield
rNeg    + . .        r - +3 gold dragon scales
rPois   +            n - +2 helmet "Iquxte Foego" {Harm rElec rN+ Dex+2}
rElec   +            (no cloak)
rCorr   .            (no gloves)
SInv    .            b - +1 pair of boots
Will    ++...        (no amulet) Stlth
                     y - +4 ring of protection
HPRegen 0.40/turn    k - +5 ring of evasion
MPRegen 0.14/turn

%: harm (+30% outgoing, +20% incoming)
@: studying Staves
A: runic magic, artefact enchanting, thin skeletal structure 1, strong-willed 1,
weak 2
a: Renounce Religion, Potion Petition, Call Merchant, Bribe Branch


You were on level 14 of the Dungeon.
You worshipped Gozag.
Gozag was aware of your devotion.
You visited 3 branches of the dungeon, and saw 17 of its levels.
You also visited: Sewer.

You collected 5187 gold pieces.
You spent 4552 gold pieces at shops.
You paid 149 gold pieces to Gozag.

Inventory:

Hand Weapons
 s - the +3 mace of Accord {drain, rF+ rC+ rN+ rCorr}
   (You found it on level 8 of the Dungeon)

   rF+:       It protects you from fire.
   rC+:       It protects you from cold.
   rN+:       It protects you from negative energy.
   rCorr:     It protects you from acid and corrosion.
 u - a +4 morningstar
 x - a +1 war axe
 E - the +8 lance "Wyrmbane" (weapon) {slay drac, rPois rF+ rC+ AC+3}
   (You bought it in a shop on level 11 of the Dungeon)

   AC+3:      It affects your AC (+3).
   rF+:       It protects you from fire.
   rC+:       It protects you from cold.
   rPois:     It protects you from poison.
Missiles
 w - 27 boomerangs
Armour
 b - a +1 pair of boots (worn)
 n - the +2 helmet "Iquxte Foego" (worn) {Harm rElec rN+ Dex+2}
   (You bought it in a shop on level 3 of the Dungeon)

   Dex+2:     It affects your dexterity (+2).
   rElec:     It insulates you from electricity.
   rN+:       It protects you from negative energy.
   Harm:      It increases damage dealt and taken.
 o - a +0 kite shield (worn)
 r - +3 gold dragon scales (worn)
Jewellery
 a - a +6 ring of dexterity
 g - a +6 ring of intelligence
 h - a ring of protection from cold
 k - a +5 ring of evasion (right hand)
 l - a ring of willpower
 m - a ring of ice
 y - a +4 ring of protection (left hand)
 A - a ring of magical power
 H - the ring "Gainoophet" {*Corrode rPois rC+ Stlth+}
   (You found it on level 9 of the Dungeon)

   [ring of protection from cold]

   rC+:       It protects you from cold.
   rPois:     It protects you from poison.
   *Corrode:  It may corrode you when you take damage.
   Stlth+:    It makes you more stealthy.
Wands
 q - a wand of mindburst (7)
 B - a wand of iceblast (12)
 F - a wand of charming (4)
 M - a wand of flame (19)
Scrolls
 d - a scroll of fog
 p - 9 scrolls of teleportation
 v - 2 scrolls of amnesia
 D - 2 scrolls of revelation
 K - 3 scrolls of identify
 L - 2 scrolls of blinking
Potions
 e - 3 potions of curing
 f - a potion of lignification
 i - a potion of enlightenment
 j - 4 potions of mutation
 t - 3 potions of brilliance
 z - a potion of attraction
 C - a potion of resistance


   Skills:
 + Level 10.9 Fighting
 - Level 14.9(16.6) Axes
 + Level 10.3(13.0) Polearms
 + Level 1.8 Throwing
 + Level 11.4 Armour
 + Level 5.0 Dodging
 + Level 1.8 Stealth
 + Level 8.0 Shields
 * Level 9.7 Evocations


You had 13 spell levels left.
You didn't know any spells.
Your spell library contained the following spells:

 Spells                   Type           Power      Damage    Failure   Level
 Magic Dart               Conj           0%         1d3       95%         1
 Blink                    Tloc           0%         N/A       98%         2
 Call Imp                 Summ           0%         N/A       98%         2
 Frozen Ramparts          Ice            0%         1d1       100%        3
 Ozocubu's Armour         Ice            0%         N/A       100%        3
 Cause Fear               Hex            0%         N/A       100%        4
 Fireball                 Conj/Fire      0%         3d3       100%        5
 Metabolic Englaciation   Hex/Ice        0%         N/A       100%        5
 Dragon's Call            Summ           0%         N/A       100%        9


Dungeon Overview and Level Annotations

Branches:
Dungeon (14/15)            Temple (1/1) D:5            Lair (0/5) D:10
    Orc (2/2) D:12            Elf (0/3) Orc:2        Vaults (0/5) D:14
  Sewer (visited)

Altars:
Ashenzari
Cheibriados
Dithmenos
Elyvilon
Fedhas
Gozag
Hepliaklqana
Kikubaaqudgha
Makhleb
Nemelex Xobeh
Okawaru
Qazlal
Ru
Sif Muna
Trog
Uskayaw
Vehumet
Wu Jian
Xom
Yredelemnul
Zin
The Shining One
Beogh

Shops:
D:3 !**[   D:5 =   D:11 (   Orc:2 *!=*(

Portals:
Abyss: D:13

Annotations:
D:13 2 transporters, Ehoukk's ghost, journeyman DjFE
D:14 Rupert


Innate Abilities, Weirdness & Mutations

Your spellcasting is much less encumbered by armour.
You can use scrolls of enchantment on lesser artefacts.
You have a somewhat thin skeletal structure. (Dex +2, Stealth+)
You are strong-willed. (Will+)
You are very weak. (Str -4)


Message History

You hit Rupert.
Rupert is lightly wounded.
Rupert hits you with a +1 great mace of protection!!
You hit Rupert.
Rupert is lightly wounded.
You hit Rupert.
Rupert is lightly wounded.
You block Rupert's attack.
You barely miss Rupert.
Rupert is lightly wounded.
Rupert misses you.
You barely miss Rupert.
Rupert is lightly wounded.
You hit Rupert.
Rupert is lightly wounded.
Rupert is no longer moving slowly.
Rupert hits you but does no damage.
You hit Rupert but do no damage.
Rupert is lightly wounded.
Rupert closely misses you.
You hit Rupert but do no damage.
Rupert is moderately wounded.
Rupert hits you but does no damage.
You feel much better.
Rupert hits you with a +1 great mace of protection.
You hit Rupert.
Rupert is moderately wounded.
Rupert hits you with a +1 great mace of protection!
You hit Rupert but do no damage.
Rupert is moderately wounded.
Rupert hits you with a +1 great mace of protection!
You hit Rupert but do no damage.
Rupert is moderately wounded.
Rupert hits you with a +1 great mace of protection!
* * * LOW HITPOINT WARNING * * *
You closely miss Rupert.
Rupert is moderately wounded.
Rupert hits you with a +1 great mace of protection!!
You die...
Rupert roars with triumph.
Your body crumbles into a pile of gold.

#.#########.# #.#####.# #.# #.#
#.# #.# #.# #.#######.#####.#
#.# #...[)))......... #.#
#..####'''####### #.#
#..##.'...'§# #######.#
##..####..~#§# ........#
#...<#['...'.#
################@######...#§#
##.......##@## #['...'§#
#............#####...#.#
#####..###...(.....#.'...'≈#
#..........#.##..#####...#~#####
#.###..............#['...§§#....
#.##.......#.##..#####..§#§#....
#.##...###...##..###)'.∩.§§#....
#.##.........##....##########.##


You could see Rupert (berserk, very poisoned).

Vanquished Creatures
  Gastronok (D:9)
  The ghost of utonium the Bludgeoner, a journeyman OnBr of Okawaru (Orc:2)
  Josephine (D:10)
  Fannar (Orc:1)
  5 vault guards (D:14)
  A boulder beetle (D:13)
  4 centaur warriors
  An ogre mage (Orc:2)
  2 two-headed ogres
  6 orc high priests (Orc:2)
  Sonja (Orc:1)
  5 skeletal warriors
  8 orc knights
  A deep elf pyromancer (D:13)
  A manticore (D:8)
  2 orc sorcerers
  3 ugly things
  7 kobold blastminers
  5 cyclopes
  The ghost of ddoljuk the Trooper, a novice MiMo (D:5)
  Joseph (D:7)
  2 gargoyles
  A komodo dragon (D:10)
  An efreet (D:13)
  A freezing wraith (D:14)
  A kobold demonologist (D:12)
  5 trolls
  A tyrant leech (D:13)
  A hornet (D:9)
  Sigmund (D:5)
  3 shadows
  A centaur simulacrum (D:14)
  A wyvern (D:8)
  2 wargs (Orc:1)
  A vampire (D:10)
  6 wraiths
  12 yaks (D:9)
  7 humans (D:14)
  The ghost of subdon the Trooper, an amateur CoBe of Trog (D:3)
  7 vampire mosquitoes
  2 steam dragons
  5 neqoxecs (Orc:2)
  3 acid dragons
  19 orc warriors
  2 ice beasts (D:5)
  2 sky beasts
  A black bear (D:4)
  The ghost of ddoljuk the Cudgeller, an amateur MiBe of Trog (D:4)
  5 ogres
  13 centaurs
  A phantom (D:7)
  4 kobold brigands
  3 bullfrogs
  4 scorpions
  19 wights
  4 jellies
  A water moccasin skeleton (D:5)
  4 killer bees (D:7)
  A howler monkey (D:10)
  2 quasits (Orc:2)
  30 orc priests
  2 bombardier beetles
  3 hounds
  2 gnoll boudas
  2 iguanas (D:5)
  24 orc wizards
  A killer bee zombie (D:5)
  6 ogre zombies (Orc:1)
  11 gnolls
  10 adders
  A shadow imp (D:5)
  3 white imps
  6 dart slugs
  3 ribbon worms
  57 orcs
  7 endoplasms
  6 giant cockroaches
  7 goblins
  5 hobgoblins
  6 jackals
  5 quokkas
  9 ball pythons
  8 bats
  2 frilled lizards
  27 kobolds
  11 rats
463 creatures vanquished.

Vanquished Creatures (collateral kills)
  An orc knight (Orc:2)
  A warg (Orc:1)
  4 orc warriors
  An orc priest (Orc:2)
  3 orcs
10 creatures vanquished.

Grand Total: 473 creatures vanquished

Notes
Turn   | Place    | Note
-------+----------+-------------------------------------------
     0 | D:1      | Dorkslayer the Mountain Dwarf Fighter began the quest for
                  | the Orb.
     0 | D:1      | Reached XP level 1. HP: 19/19 MP: 1/1
    87 | D:1      | Reached XP level 2. HP: 26/26 MP: 2/2
   458 | D:1      | Reached XP level 3. HP: 31/31 MP: 3/3
   472 | D:1      | Reached skill level 3 in Axes
   769 | D:2      | Reached skill level 1 in Dodging
   921 | D:2      | Reached XP level 4. HP: 40/40 MP: 4/4
  1170 | D:2      | Found a faded altar of an unknown god.
  1414 | D:3      | Found a runed translucent door.
  1458 | D:3      | Found Ysooh's Antique Armour Shoppe.
  1481 | D:3      | Reached skill level 4 in Axes
  1593 | D:3      | Found a shimmering altar of Xom.
  1605 | D:3      | Found a snail-covered altar of Cheibriados.
  1613 | D:3      | Found a shimmering blue altar of Sif Muna.
  1625 | D:3      | Found a basalt altar of Yredelemnul.
  1715 | D:3      | Reached XP level 5. HP: 45/46 MP: 5/5
  1719 | D:3      | Found Heov's Distillery.
  1767 | D:3      | Found Oroideme's General Store.
  1826 | D:3      | Found Iwaew's Assorted Antiques.
  1929 | D:3      | Noticed subdon's ghost (amateur CoBe)
  1942 | D:3      | Killed subdon's ghost
  1943 | D:3      | Reached XP level 6. HP: 49/52 MP: 6/6
  1968 | D:3      | Bought a scorched helmet for 190 gold pieces
  1968 | D:3      | Identified the +2 helmet "Iquxte Foego" {Harm rElec rN+
                  | Dex+2} (You bought it in a shop on level 3 of the Dungeon)
  2158 | D:4      | Found a glowing drain.
  2175 | Sewer    | Entered a sewer
  2205 | Sewer    | Reached skill level 5 in Axes
  2535 | D:4      | Reached skill level 6 in Axes
  2535 | D:4      | Reached XP level 7. HP: 60/60 MP: 7/7
  2548 | D:4      | Found a runed translucent door.
  2552 | D:4      | Noticed ddoljuk's ghost (amateur MiBe)
  2567 | D:4      | Killed ddoljuk's ghost
  3218 | D:4      | Reached skill level 5 in Armour
  3227 | D:4      | Reached skill level 7 in Axes
  3334 | D:5      | Entered Level 5 of the Dungeon
  3357 | D:5      | Found a staircase to the Ecumenical Temple.
  3370 | Temple   | Entered the Ecumenical Temple
  3441 | D:5      | HP: 1/60 [wight/+3 falchion (8)]
  3443 | D:5      | Reached skill level 5 in Fighting
  3443 | D:5      | Reached XP level 8. HP: 1/68 MP: 8/8
  3444 | D:5      | Gained mutation: Armour fits poorly on your strangely
                  | shaped body. [potion of mutation]
  3444 | D:5      | Gained mutation: Your magical capacity is low. (-10% MP)
                  | [potion of mutation]
  3444 | D:5      | Lost mutation: Your magical capacity is low. (-10% MP)
                  | [potion of mutation]
  3444 | D:5      | Gained mutation: You are somewhat resistant to further
                  | mutation. [potion of mutation]
  3445 | D:5      | Lost mutation: You are somewhat resistant to further
                  | mutation. [potion of mutation]
  3445 | D:5      | Lost mutation: Armour fits poorly on your strangely shaped
                  | body. [potion of mutation]
  3445 | D:5      | Gained mutation: You are weak. (Str -2) [potion of
                  | mutation]
  3445 | D:5      | Gained mutation: You are strong-willed. (Will+) [potion of
                  | mutation]
  3445 | D:5      | Gained mutation: You have a somewhat thin skeletal
                  | structure. (Dex +2, Stealth+) [potion of mutation]
  3494 | D:5      | Reached skill level 8 in Axes
  3502 | D:5      | Found a broken altar of Ashenzari.
  3503 | D:5      | Found a sacrificial altar of Ru.
  3576 | D:5      | Found Huix's Jewellery Boutique.
  3749 | D:5      | Noticed Sigmund
  3755 | D:5      | Killed Sigmund
  3756 | D:5      | Reached skill level 9 in Axes
  4000 | D:5      | Found a runed translucent gate.
  4000 | D:5      | Found a runed translucent gate.
  4000 | D:5      | Found a runed translucent gate.
  4008 | D:5      | Noticed ddoljuk's ghost (novice MiMo)
  4050 | D:5      | Killed ddoljuk's ghost
  4051 | D:5      | Reached skill level 10 in Axes
  4051 | D:5      | Reached XP level 9. HP: 39/75 MP: 9/9
  4522 | Temple   | Became a worshipper of Gozag Ym Sagoz the Greedy
  5296 | D:7      | Reached skill level 5 in Shields
  5306 | D:7      | Noticed Joseph
  5323 | D:7      | Killed Joseph
  5324 | D:7      | Reached skill level 11 in Axes
  5546 | D:7      | Identified the +5 dagger of Wondrous Power {flame, *Noise
                  | rF++ rN+++ Str-5}
  5720 | D:7      | Reached skill level 1 in Evocations
  5990 | D:7      | Reached XP level 10. HP: 56/84 MP: 10/10
  6375 | D:8      | Noticed a manticore
  6385 | D:8      | Noticed a centaur warrior
  6400 | D:8      | Killed a manticore
  6401 | D:8      | Reached skill level 12 in Axes
  6401 | D:8      | Noticed a cyclops
  6409 | D:8      | Killed a centaur warrior
  6414 | D:8      | Killed a cyclops
  6486 | D:8      | Identified a scroll of acquirement
  6486 | D:8      | Acquired 459 gold pieces
  6928 | D:8      | Found a stormy altar of Qazlal.
  6948 | D:8      | Identified the +3 mace of Accord {drain, rF+ rC+ rN+ rCorr}
  7146 | D:3      | Bought a scroll of identify for 50 gold pieces
  7146 | D:3      | Bought a pair of runed boots for 187 gold pieces
  7146 | D:3      | Bought a long gold wand for 100 gold pieces
  7190 | D:3      | Bought a wand of iceblast (3) for 100 gold pieces
  7190 | D:3      | Bought 2 potions of haste for 280 gold pieces
  7190 | D:3      | Bought a scroll of revelation for 105 gold pieces
  7190 | D:3      | Bought a potion of heal wounds for 70 gold pieces
  7213 | D:3      | Bought a potion of curing for 33 gold pieces
  7213 | D:3      | Bought a potion of invisibility for 88 gold pieces
  7213 | D:3      | Bought a potion of curing for 33 gold pieces
  7213 | D:3      | Bought a potion of might for 44 gold pieces
  7213 | D:3      | Bought a potion of invisibility for 88 gold pieces
  7644 | D:9      | Paralysed by a hornet for 2 turns
  7800 | D:9      | Reached skill level 1 in Stealth
  7800 | D:9      | Reached XP level 11. HP: 66/93 MP: 11/11
  7807 | D:9      | Reached skill level 13 in Axes
  7917 | D:9      | Noticed Gastronok
  7942 | D:9      | Killed Gastronok
  7943 | D:9      | Reached skill level 5 in Evocations
  8206 | D:9      | Identified the ring "Gainoophet" {*Corrode rPois rC+
                  | Stlth+}
  8798 | D:10     | Entered Level 10 of the Dungeon
  8798 | D:10     | Noticed a two-headed ogre
  8811 | D:10     | Killed a two-headed ogre
  8812 | D:10     | Found a sparkling altar of Nemelex Xobeh.
  9138 | D:10     | Noticed Josephine
  9161 | D:10     | Killed Josephine
  9162 | D:10     | Reached skill level 14 in Axes
  9730 | D:10     | Found a staircase to the Lair.
 10009 | D:11     | Found a radiant altar of Vehumet.
 10151 | D:11     | Noticed a red ugly thing
 10167 | D:11     | Killed a red ugly thing
 10198 | D:11     | Found Funtuh's Weapon Shop.
 10234 | D:11     | Noticed a green ugly thing
 10245 | D:11     | Killed a green ugly thing
 11026 | D:12     | Reached XP level 12. HP: 52/103 MP: 12/12
 11257 | D:12     | Reached skill level 5 in Dodging
 11776 | D:12     | Found a staircase to the Orcish Mines.
 12077 | D:12     | Noticed a two-headed ogre
 12386 | D:13     | Found a transporter.
 12388 | D:13     | Noticed a green very ugly thing
 12391 | D:13     | Noticed Ehoukk's ghost (journeyman DjFE)
 12440 | D:13     | Noticed a rakshasa
 12460 | D:13     | Noticed a boulder beetle
 12470 | D:13     | a boulder beetle changed into a tyrant leech
 12478 | D:13     | Reached skill level 1 in Polearms
 12662 | D:13     | Noticed a centaur warrior
 12669 | D:13     | Killed a centaur warrior
 12670 | D:13     | Reached skill level 10 in Armour
 13138 | D:11     | Bought the +8 lance "Wyrmbane" {slay drac, rPois rF+ rC+
                  | AC+3} for 1373 gold pieces
 13138 | D:11     | Found the +8 lance "Wyrmbane" {slay drac, rPois rF+ rC+
                  | AC+3}
 13221 | Orc:1    | Entered Level 1 of the Orcish Mines
 13567 | Orc:1    | Noticed Fannar
 13582 | Orc:1    | Killed Fannar
 13770 | Orc:2    | Entered Level 2 of the Orcish Mines
 13770 | Orc:2    | Found a roughly hewn altar of Beogh.
 14278 | Orc:1    | Noticed Sonja
 14289 | Orc:1    | Killed Sonja
 14290 | Orc:1    | Reached skill level 5 in Polearms
 14513 | Orc:2    | Found a staircase to the Elven Halls.
 14553 | Orc:2    | Noticed an ogre mage
 14556 | Orc:2    | Noticed an orc high priest
 14564 | Orc:2    | Killed an ogre mage
 14590 | Orc:2    | Killed an orc high priest
 14592 | Orc:2    | Reached XP level 13. HP: 42/113 MP: 13/13
 15023 | Orc:2    | Found Ruicun's Antique Weapon Emporium.
 15155 | Orc:2    | Found a transporter.
 15162 | Orc:2    | Noticed utonium's ghost (journeyman OnBr)
 15174 | Orc:2    | Found a transporter.
 15195 | Orc:2    | Reached skill level 1 in Throwing
 15209 | Orc:2    | Reached skill level 10 in Fighting
 16222 | Orc:2    | Found Kegumein's General Store.
 16225 | Orc:2    | Found Lyunusi's Jewellery Shoppe.
 16226 | Orc:2    | Found Hipe's General Store.
 16227 | Orc:2    | Found Contieco's Distillery.
 16231 | Orc:2    | Bought a scroll of revelation for 97 gold pieces
 16231 | Orc:2    | Bought a scroll of immolation for 52 gold pieces
 16231 | Orc:2    | Bought a wand of mindburst (6) for 109 gold pieces
 16235 | Orc:2    | Bought +2 gold dragon scales for 1196 gold pieces
 16251 | Orc:2    | Bought a potion of haste for 170 gold pieces
 16251 | Orc:2    | Bought a potion of heal wounds for 85 gold pieces
 16251 | Orc:2    | Bought a potion of curing for 51 gold pieces
 16251 | Orc:2    | Bought a potion of curing for 51 gold pieces
 16380 | Orc:2    | Killed utonium's ghost
 16381 | Orc:2    | Gained mutation: You are very weak. (Str -4) [a neqoxec]
 17705 | D:13     | Found a one-way gate to the infinite horrors of the Abyss.
 17715 | D:13     | Found a transporter.
 18047 | D:14     | Found an ornate altar of the Wu Jian Council.
 18256 | D:14     | Reached skill level 10 in Polearms
 18274 | D:14     | Reached XP level 14. HP: 34/122 MP: 14/14
 18992 | D:14     | Found a gate to the Vaults.
 19028 | D:14     | Noticed Rupert
 19045 | D:14     | Slain by Rupert

Illustrated notes

Levels and vault maps discovered:
D:1:      ncdulo_lavacross, layout_loops_ring, st_stairs_2, minmay_octomino_j4
D:2:      layout_loops_ring, dreamdust_ecumenical_altar_angels_and_demons
D:3:      layout_rooms, grunt_temple_overflow_cloverleaf,
          ebering_ghost_reflecting_pool, serial_shops, shop,
          nicolae_shop_tiny_waterfront, shop, nicolae_shop_getting_attention
D:4:      layout_basic, gup_sewer_entry_pipe, ebering_ghost_reflecting_pool,
          supply_closet_lemuel
D:5:      layout_gridville, nicolae_overflow_squiral, minmay_temple_entry_mist,
          gammafunk_ghost_necromancy, serial_shops, nicolae_shop_gaudy_bauble,
          uniq_sigmund
D:6:      layout_basic, due_unseen_surprise
D:7:      layout_layer_cave, minmay_misc_feat_tiny, uniq_joseph
D:8:      minmay_goldmine, layout_cave_pools, nicolae_qazlal_beasts_of_the_sky,
          minmay_manual_moon
D:9:      layout_gridville, hex_tiny, uniq_gastronok
D:10:     layout_loops_ring, nemelex_xobeh_ov_fountains_minmay,
          david_lair_shrubbed, uniq_josephine
D:11:     layout_irregular_city, serial_shops, shop, statue_in_the_mist_lemuel,
          kennysheep_decorative_pillar, minmay_misc_feat_cross,
          nicolae_vehumet_altar_sigil
D:12:     layout_layer_cave, orc_0_dummy
D:13:     layout_loops_ring, gammafunk_ghost_abyssal_escape,
          minmay_splitting_lines
D:14:     layout_loops_ring, ximxim_vaults_locker_room,
          nzn_wu_jian_contemplation, uniq_rupert
Temple:   zaba_magenta_temple
Orc:1:    lemuel_ogre_cave, layout_caves, uniq_sonja, uniq_fannar
Orc:2:    st_orc_pillars, layout_caves, basic_altar, gammafunk_ghost_stat_death,
          special_room, guppyfry_orc_lava_fort

Skill      XL: |  1  2  3  4  5  6  7  8  9 10 11 12 13 14 |
---------------+-------------------------------------------+-----
Axes           | 3 4 6 7 10 11 12 14 | 14.9
Dodging        | 1 2 3 4 5 |  5.0
Armour         | 4 5 6 8 9 10 11 | 11.4
Fighting       | 4 5 6 7 8 9 10 | 10.9
Shields        | 4 5 6 7 8 |  8.0
Evocations     | 1 4 6 8 9 |  9.7
Stealth        | 1 |  1.8
Polearms       | 6 10 | 10.3
Throwing       | 1 |  1.8

Action                     |  1- 3 |  4- 6 |  7- 9 | 10-12 | 13-15 || total
---------------------------+-------+-------+-------+-------+-------++-------
  Melee: War axe           |   142 |   155 |   300 |   534 |       ||  1131
         Lance             |       |       |       |   162 |   573 ||   735
  Throw: Boomerang         |       |       |     2 |     7 |     5 ||    14
         Dart              |       |       |       |     3 |    22 ||    25
  Evoke: Wand              |       |       |       |    28 |    12 ||    40
    Use: Scroll            |     1 |     5 |     3 |    11 |     4 ||    24
         Potion            |       |     1 |     8 |    15 |     6 ||    30
   Stab: Distracted        |       |       |       |     1 |     5 ||     6
 Armour: Scale mail        |    94 |   116 |    82 |       |       ||   292
         Chain mail        |       |       |    74 |   225 |       ||   299
         Plate armour      |       |       |       |   225 |    71 ||   296
         Gold dragon scale |       |       |       |       |   188 ||   188
  Dodge: Dodged            |    71 |   133 |   188 |   325 |   120 ||   837
  Block: Buckler           |    32 |    51 |    69 |   156 |    68 ||   376
         Kite shield       |       |       |       |       |    58 ||    58

Table legend: (Time is in decaauts)
 A = Elapsed time spent in this place.
 B = Non-inter-level travel time spent in this place.
 C = Inter-level travel time spent in this place.
 D = Time resting spent in this place.
 E = Time spent auto-exploring this place.
 F = Levels seen in this place.
 G = Mean time per level.
                   A        B        C        D        E       F      G
               +--------+--------+--------+--------+--------+-----+--------+
         Total |  18744 |  18305 |    439 |   1331 |   9165 |  18 | 1041.3 |
       Dungeon |  14969 |  14532 |    437 |    826 |   7952 |  14 | 1069.2 |
        Temple |     19 |     18 |      1 |      0 |      0 |   1 |   19.0 |
  Orcish Mines |   3395 |   3395 |      0 |    505 |   1151 |   2 | 1697.5 |
         Sewer |    360 |    360 |      0 |      0 |     62 |   1 |  360.0 |
               +--------+--------+--------+--------+--------+-----+--------+

Top non-repeatable levels by time:
   Orc:2: 1976 daAuts
    D:12: 1888 daAuts
   Orc:1: 1419 daAuts
     D:9: 1402 daAuts
    D:13: 1392 daAuts
     D:5: 1192 daAuts
    D:10: 1191 daAuts
     D:4: 1088 daAuts
     D:7: 1057 daAuts
    D:14: 1008 daAuts
    D:11: 963 daAuts
     D:6: 860 daAuts
     D:3: 770 daAuts
     D:1: 764 daAuts
     D:2: 711 daAuts
